 Dungeon Crawl Stone Soup version 0.21-b1-21-g86478ac (webtiles) character file.

2072 KeeTraxx the Insei (level 9, 0/80 HPs)
             Began as a Gnoll Transmuter on Jan 4, 2018.
             Was a Believer of Wu Jian.
             Slain by an unseen horror (3 damage)
             ... on level 6 of the Dungeon.
             The game lasted 00:15:35 (5900 turns).

KeeTraxx the Insei (Gnoll Transmuter)               Turns: 5900, Time: 00:15:36

Health: 0/80       AC:  6    Str: 12    XL:     9   Next: 26%
Magic:  17/18      EV: 14    Int: 24    God:    Wu Jian [**....]
Gold:   248        SH:  0    Dex: 16    Spells: 1/21 levels left

rFire    x . .     SeeInvis .     - Unarmed
rCold    + + +     Gourm    .   (shield currently unavailable)
rNeg     . . .     Faith    .   (armour currently unavailable)
rPois    +         Spirit   .   (helmet currently unavailable)
rElec    .         Reflect  .   (cloak currently unavailable)
rCorr    .         Harm     .   (gloves currently unavailable)
MR       .....                  (boots currently unavailable)
Stlth    +++.......             (no amulet)
HPRegen  0.23/turn              (no ring)
MPRegen  0.16/turn              (no ring)

@: brilliant, ice-form, very slightly contaminated, invisible
A: large, distributed training, strong nose
a: End Transformation, Wall Jump, Renounce Religion


You were on level 6 of the Dungeon.
You worshipped Wu Jian.
Wu Jian was pleased with you.
You were hungry.
You were a creature of crystalline ice.
You visited 2 branches of the dungeon, and saw 7 of its levels.
You also visited: Ossuary.

You collected 248 gold pieces.

Inventory:

Hand Weapons
 s - a +1 blowgun
 t - a +3 dagger of protection
 D - a +0 short sword
Missiles
 a - 45 arrows
 i - 24 sling bullets
 j - 120 stones (quivered)
 k - 10 tomahawks of dispersal
 u - 5 poisoned needles
Armour
 b - a +0 robe
 g - a +2 cloak (melded)
 q - a +0 pair of boots (melded)
 C - a +0 cloak
 E - a +3 leather armour of poison resistance (melded)
Jewellery
 f - an uncursed ring of ice
Wands
 y - a wand of acid (10)
 A - a wand of iceblast (7)
Scrolls
 e - 7 scrolls of identify {unknown}
 h - 2 scrolls of enchant weapon
 l - 3 scrolls of teleportation
 m - a scroll of amnesia
 n - 3 scrolls of remove curse
 r - a scroll of enchant armour
 x - a scroll of blinking
Potions
 o - a potion of brilliance
 p - a potion of agility {unknown}
 v - 2 potions of invisibility
 w - 3 potions of degeneration {unknown}
 z - 2 potions of heal wounds {unknown}
 B - a potion of might
 H - 2 potions of curing {unknown}
 I - 2 potions of resistance {unknown}
Books
 c - a book of Changes

   Spells                             Type                      Level
   a - Beastly Appendage              Transmutation                1
   b - Sticks to Snakes               Transmutation                2
   c - Spider Form                    Transmutation/Poison         3
   d - Ice Form                       Ice/Transmutation            4
   e - Blade Hands                    Transmutation                5
 F - a book of Misfortune

   Spells                             Type                      Level
   a - Confusing Touch                Hexes                        1
   b - Confuse                        Hexes                        3
   c - Gell's Gravitas                Translocation                3
   d - Petrify                        Transmutation/Earth          4
   e - Metabolic Englaciation         Hexes/Ice                    5
   f - Yara's Violent Unravelling     Hexes/Transmutation          5
 G - a book of Cantrips

   Spells                             Type                      Level
   a - Confusing Touch                Hexes                        1
   b - Animate Skeleton               Necromancy                   1
   c - Summon Small Mammal            Summoning                    1
   d - Apportation                    Translocation                1
 J - a book of the Sky

   Spells                             Type                      Level
   a - Summon Lightning Spire         Summoning/Air                4
   b - Silence                        Hexes/Air                    5
   c - Deflect Missiles               Charms/Air                   6
   d - Conjure Ball Lightning         Conjuration/Air              6
   e - Tornado                        Air                          9
Comestibles
 d - 5 rations


   Skills:
 + Level 4.8 Fighting
 + Level 4.0 Short Blades
 + Level 4.0 Long Blades
 + Level 4.0 Axes
 + Level 4.0 Maces & Flails
 + Level 4.0 Polearms
 + Level 4.0 Staves
 + Level 4.0 Slings
 + Level 4.0 Bows
 + Level 4.0 Crossbows
 + Level 4.0 Throwing
 + Level 4.0 Armour
 + Level 6.1 Dodging
 + Level 4.0 Stealth
 + Level 4.0 Shields
 + Level 7.7 Unarmed Combat
 + Level 6.5 Spellcasting
 + Level 3.3 Conjurations
 + Level 3.3 Hexes
 + Level 3.3 Charms
 + Level 3.3 Summonings
 + Level 3.3 Necromancy
 + Level 3.3 Translocations
 + Level 5.1 Transmutations
 + Level 3.3 Fire Magic
 + Level 3.3 Ice Magic
 + Level 3.3 Air Magic
 + Level 3.3 Earth Magic
 + Level 3.3 Poison Magic
 + Level 4.4 Invocations
 + Level 4.0 Evocations


You had one spell level left.
You knew the following spells:

 Your Spells              Type           Power        Failure   Level  Hunger
a - Summon Lightning Spi  Summ/Air       #####...     2%          4    ###....
b - Sticks to Snakes      Tmut           #####...     1%          2    None
c - Spider Form           Tmut/Pois      #####.....   1%          3    None
d - Ice Form              Ice/Tmut       #####...     1%          4    ###....
e - Confusing Touch       Hex            #####.       1%          1    None
f - Deflect Missiles      Chrm/Air       #####.....   28%         6    ######.


Dungeon Overview and Level Annotations

Branches:
Dungeon (6/15)             Temple (1/1) D:4

Altars:
Ashenzari
Cheibriados
Dithmenos
Elyvilon
Fedhas
Gozag
Hepliaklqana
Kikubaaqudgha
Makhleb
Okawaru
Qazlal
Ru
Trog
Uskayaw
Vehumet
Wu Jian
Xom
Yredelemnul
Zin
Lugonu


Innate Abilities, Weirdness & Mutations

Your experience applies equally to all skills.
((You have very sharp teeth.))
Your uncanny sense of smell can sniff out nearby items.


Message History

* * * LOW HITPOINT WARNING * * *
Something barely misses you.
It was a potion of invisibility.
You fade into invisibility!
Something hits you.
* * * LOW HITPOINT WARNING * * *
You are very lightly contaminated with residual magic.
Something barely misses you.
You barely miss something. Something completely misses you.
Something barely misses you. Something hits you but does no damage.
Something hits you but does no damage.
You hit something. You freeze something. Something hits you.
* * * LOW HITPOINT WARNING * * *
It was a potion of brilliance.
You feel clever all of a sudden. Something hits you!
* * * LOW HITPOINT WARNING * * *
You hit something. You freeze something. Something hits you.
You die...

............#####.##..
........#...# #.#...
.#######.##### #.#... ∆
.. #.# #..... ∆∆ .. #.#
####.. #. #.# ##. # #.
#.# #. #.#.#####.#### #.
#.#...{Y.....# #.
#....####.##.##########.
#.....###...............
#...%..#####.######.....
#......# #.# #.###.
#....#.# #.######.....
#.#.##.# #............
#<.. .# #############
###. .# ##.#


There were no monsters in sight!

Vanquished Creatures
  A hippogriff (D:3)
  Sigmund (D:2)
  Duvessa (D:5)
  A sky beast (D:6)
  3 ogres
  A centaur (D:5)
  2 big kobolds (D:6)
  2 elf zombies (Ossuary)
  Dowan (D:5)
  A bullfrog (D:6)
  2 crimson imps (D:5)
  3 human zombies (Ossuary)
  A jelly (D:5)
  3 hounds (D:4)
  2 orc wizards (D:5)
  Crazy Yiuf (D:4)
  A centaur skeleton (D:4)
  2 iguanas (D:5)
  4 worker ants
  Terence (D:2)
  A big kobold zombie (Ossuary)
  2 mummies (Ossuary)
  7 adders
  3 gnolls (D:5)
  A shadow imp (D:5)
  An ooze (D:4)
  An adder zombie (Ossuary)
  2 worms
  A dart slug (D:1)
  6 leopard geckos
  5 orcs
  2 ball pythons
  11 bats
  3 giant cockroaches
  6 goblins
  6 hobgoblins
  7 jackals
  11 kobolds
  6 frilled lizards
  3 goblin zombies
  5 hobgoblin zombies (Ossuary)
  A jackal skeleton (D:4)
  3 jackal zombies
  5 kobold zombies (Ossuary)
  14 orc zombies (Ossuary)
  A quokka zombie (D:6)
  7 rats
  A rat zombie (Ossuary)
156 creatures vanquished.

Vanquished Creatures (collateral kills)
  A hobgoblin zombie (Ossuary)
1 creature vanquished.

Vanquished Creatures (others)
  A jackal (D:4)
1 creature vanquished.

Grand Total: 158 creatures vanquished

Notes
Turn   | Place    | Note
-------+----------+-------------------------------------------
     0 | D:1      | KeeTraxx the Gnoll Transmuter began the quest for the Orb.
     0 | D:1      | Reached XP level 1. HP: 17/17 MP: 6/6
   190 | D:1      | Reached XP level 2. HP: 22/23 MP: 7/7
   525 | D:1      | Reached XP level 3. HP: 11/28 MP: 9/9
   546 | D:1      | Learned a level 2 spell: Sticks to Snakes
   550 | D:1      | Learned a level 3 spell: Spider Form
   819 | D:1      | Reached skill level 5 in Spellcasting
   985 | D:2      | Noticed Terence
   985 | D:2      | Reached skill level 1 in Invocations
   997 | D:2      | Killed Terence
   997 | D:2      | Reached skill level 1 in Short Blades
   997 | D:2      | Reached skill level 1 in Long Blades
   997 | D:2      | Reached skill level 1 in Axes
   997 | D:2      | Reached skill level 1 in Maces & Flails
   997 | D:2      | Reached skill level 1 in Polearms
   997 | D:2      | Reached skill level 1 in Staves
   997 | D:2      | Reached skill level 1 in Slings
   997 | D:2      | Reached skill level 1 in Bows
   997 | D:2      | Reached skill level 1 in Crossbows
   997 | D:2      | Reached skill level 1 in Throwing
   997 | D:2      | Reached skill level 1 in Armour
   997 | D:2      | Reached skill level 1 in Stealth
   997 | D:2      | Reached skill level 1 in Shields
   997 | D:2      | Reached skill level 1 in Evocations
   997 | D:2      | Reached XP level 4. HP: 9/34 MP: 3/11
  1509 | D:2      | Learned a level 4 spell: Ice Form
  1551 | D:2      | Reached skill level 1 in Conjurations
  1551 | D:2      | Reached skill level 1 in Hexes
  1551 | D:2      | Reached skill level 1 in Charms
  1551 | D:2      | Reached skill level 1 in Summonings
  1551 | D:2      | Reached skill level 1 in Necromancy
  1551 | D:2      | Reached skill level 1 in Translocations
  1551 | D:2      | Reached skill level 1 in Fire Magic
  1551 | D:2      | Reached skill level 1 in Ice Magic
  1551 | D:2      | Reached skill level 1 in Air Magic
  1551 | D:2      | Reached skill level 1 in Earth Magic
  1551 | D:2      | Reached skill level 1 in Poison Magic
  1953 | D:2      | Noticed Sigmund
  1954 | D:2      | Reached XP level 5. HP: 28/40 MP: 10/12
  1963 | D:2      | Found a shattered altar of Ashenzari.
  2352 | D:2      | Killed Sigmund
  2352 | D:2      | Reached XP level 6. HP: 47/47 MP: 12/14
  2597 | D:2      | Found a stormy altar of Qazlal.
  2795 | D:3      | Reached skill level 5 in Dodging
  2848 | D:3      | Found an opulent altar of Gozag.
  2902 | D:3      | Noticed a hippogriff
  2922 | D:3      | Killed a hippogriff
  2922 | D:3      | Reached XP level 7. HP: 37/52 MP: 13/15
  3303 | D:4      | Found a staircase to the Ecumenical Temple.
  3326 | Temple   | Entered the Ecumenical Temple
  3377 | D:4      | Reached skill level 7 in Unarmed Combat
  3655 | D:4      | Found a white marble altar of Elyvilon.
  3930 | D:4      | Found a shadowy altar of Dithmenos.
  4218 | D:4      | Found a runed door.
  4222 | D:4      | Noticed Crazy Yiuf
  4228 | D:4      | Killed Crazy Yiuf
  4324 | D:5      | Entered Level 5 of the Dungeon
  4353 | D:5      | Found a glowing silver altar of Zin.
  4354 | D:5      | Noticed Dowan
  4439 | D:5      | Reached XP level 8. HP: 59/60 MP: 16/16
  4446 | D:5      | Found a sacrificial altar of Ru.
  4449 | D:5      | Found an ornate altar of the Wu Jian Council.
  4451 | D:5      | Found a snail-covered altar of Cheibriados.
  4454 | D:5      | Found an opulent altar of Gozag.
  4454 | D:5      | Found a bloodstained altar of Trog.
  4454 | D:5      | Found an iron altar of Okawaru.
  4458 | D:5      | Became a worshipper of the Wu Jian Council
  4547 | D:5      | Noticed Duvessa
  4570 | D:5      | Killed Duvessa
  4825 | D:5      | Killed Dowan
  4959 | D:5      | Learned a level 1 spell: Confusing Touch
  5228 | D:6      | Found a hide-covered altar of Uskayaw.
  5364 | D:6      | Reached XP level 9. HP: 57/66 MP: 14/18
  5416 | D:6      | Found a sand-covered staircase.
  5446 | Ossuary  | Entered an ossuary
  5455 | Ossuary  | Reached * piety under Wu Jian
  5591 | Ossuary  | Reached ** piety under Wu Jian
  5602 | Ossuary  | Reached skill level 5 in Transmutations
  5709 | Ossuary  | Learned a level 4 spell: Summon Lightning Spire
  5726 | Ossuary  | Learned a level 6 spell: Deflect Missiles
  5899 | D:6      | HP: 3/80 [something (8)]
  5900 | D:6      | Slain by an unseen horror

Skill      XL: |  1  2  3  4  5  6  7  8  9 |
---------------+----------------------------+-----
Spellcasting   | 5 6 |  6.5
Invocations    | 1 2 3 4 |  4.4
Short Blades   | 1 2 3 4 |  4.0
Long Blades    | 1 2 3 4 |  4.0
Axes           | 1 2 3 4 |  4.0
Maces & Flails | 1 2 3 4 |  4.0
Polearms       | 1 2 3 4 |  4.0
Staves         | 1 2 3 4 |  4.0
Slings         | 1 2 3 4 |  4.0
Bows           | 1 2 3 4 |  4.0
Crossbows      | 1 2 3 4 |  4.0
Throwing       | 1 2 3 4 |  4.0
Armour         | 1 2 3 4 |  4.0
Stealth        | 1 2 3 4 |  4.0
Shields        | 1 2 3 4 |  4.0
Evocations     | 1 2 3 4 |  4.0
Conjurations   | 1 2 3 |  3.3
Hexes          | 1 2 3 |  3.3
Charms         | 1 2 3 |  3.3
Summonings     | 1 2 3 |  3.3
Necromancy     | 1 2 3 |  3.3
Translocations | 1 2 3 |  3.3
Fire Magic     | 1 2 3 |  3.3
Ice Magic      | 1 2 3 |  3.3
Air Magic      | 1 2 3 |  3.3
Earth Magic    | 1 2 3 |  3.3
Poison Magic   | 1 2 3 |  3.3
Fighting       | 3 4 |  4.8
Transmutations | 4 5 |  5.1
Dodging        | 5 6 |  6.1
Unarmed Combat | 7 |  7.7

Action                   |  1- 3 |  4- 6 |  7- 9 || total
-------------------------+-------+-------+-------++-------
Melee: Unarmed           |    65 |    97 |   337 ||   499
       Kick              |     9 |       |       ||     9
       Punch             |     1 |     3 |       ||     4
       Bite              |     7 |     7 |     8 ||    22
       Headbutt          |     3 |    12 |     8 ||    23
 Fire: Blowgun           |       |     3 |       ||     3
Throw: Stone             |     2 |       |     1 ||     3
 Cast: Beastly Appendage |    13 |    13 |     5 ||    31
       Spider Form       |     1 |     3 |    28 ||    32
       Confusing Touch   |       |       |     3 ||     3
       Ice Form          |       |       |     2 ||     2
       Sticks to Snakes  |       |       |     2 ||     2
Invok: Lunge             |       |       |    11 ||    11
       Whirlwind         |       |       |     1 ||     1
 Abil: End Transformatio |     1 |       |       ||     1
  Use: Scroll            |       |       |     9 ||     9
       Potion            |       |       |     3 ||     3
 Stab: Sleeping          |     3 |     2 |     7 ||    12
       Confused          |       |       |     3 ||     3
       Distracted        |       |       |     1 ||     1
  Eat: Chunk             |       |     3 |    11 ||    14
       Ration            |       |     1 |       ||     1
Armor: Robe              |    17 |     9 |    10 ||    36
       Skin              |       |     1 |    13 ||    14
       Leather armour    |       |       |     4 ||     4
Dodge: Dodged            |    63 |    68 |   239 ||   370
